AoeStats
← zamithdaniel

Black Forest

508216250Analyzed
2v2 RM · 12d ago on Sep 21, 2026· 53m 27s· 4 players
Game mode
Random Map
Map size
Medium (4 player)
Population
200
Speed
Normal
Resources
Standard
Victory
Conquest
Starting age
Dark Age
Ending age
Imperial Age
RankedLock teamsTeams togetherTeam positionsShared explorationLock speedFull tech treeHidden civsTurbo modeCheats
Victory
Defeat
🇺🇸 Vikings · United States
1000
+11
🇺🇸 Poles · United States
982
+12
🇦🇺 Britons · Australia
913
-12
🇨🇴 Mongols · Colombia
873
-11
Gunna
5:46 Loom
11:36 Feudal Age
13:07 Double-Bit Axe
16:03 Wheelbarrow
17:31 Fletching
22:53 Castle Age
21:19 Padded Archer Armor
21:38 Horse Collar
23:35 Crossbowman
24:15 Gold Mining
24:30 Heavy Plow
24:46 Bow Saw
25:26 Bodkin Arrow
29:11 Leather Archer Armor
29:37 Ballistics
37:58 Imperial Age
39:27 Bracer
40:54 Hand Cart
42:19 Chemistry
41:56 Ring Archer Armor
41:57 Arbalester
zamithdaniel
10:29 Feudal Age
16:59 Castle Age
17:57 Double-Bit Axe
17:55 Horse Collar
25:03 Bow Saw
24:56 Heavy Plow
26:35 Gold Mining
26:37 Stone Mining
32:50 Imperial Age
32:52 Padded Archer Armor
32:43 Fletching
32:50 Loom
33:40 Wheelbarrow
32:51 Town Watch
33:22 Fortified Wall
33:36 Ballistics
35:47 Onager
36:52 Drill
39:04 Chemistry
39:21 Gold Shaft Mining
39:51 Hand Cart
40:06 Conscription
39:49 Siege Onager
41:12 Leather Archer Armor
41:17 Bodkin Arrow
41:36 Elite Mangudai
42:13 Siege Onager
45:38 Bracer
BLUERACOON
2:16 Loom
9:26 Loom
11:18 Feudal Age
12:20 Double-Bit Axe
12:41 Town Watch
13:13 Horse Collar
18:29 Castle Age
19:01 Stone Mining
20:08 Bow Saw
20:02 Fishing Lines
21:28 Gillnets
24:01 Heavy Plow
24:39 Elite Skirmisher
25:24 Squires
25:12 Arson
25:20 Fletching
26:10 Scale Mail Armor
29:27 Forging
28:57 Pikeman
30:56 Chieftains
31:33 Town Patrol
38:01 Chain Mail Armor
37:51 Scale Barding Armor
38:23 Iron Casting
38:07 Caravan
39:04 Light Cavalry
40:03 Bodkin Arrow
41:04 Chain Barding Armor
44:06 Imperial Age
44:08 Elite Berserk
45:09 Conscription
45:22 Capped Ram
45:24 Heavy Scorpion
46:53 Siege Ram
48:46 Blast Furnace
48:16 Plate Mail Armor
48:23 Bracer
48:31 Siege Engineers
48:07 Treadmill Crane
48:48 Ballistics
48:24 Murder Holes
49:38 Fortified Wall
49:58 Onager
51:22 Padded Archer Armor
53:01 Chemistry
TheF!nalOne
10:17 Feudal Age
16:20 Castle Age
15:20 Double-Bit Axe
15:16 Horse Collar
21:45 Scale Barding Armor
24:01 Husbandry
24:15 Bloodlines
25:58 Chain Barding Armor
25:48 Forging
26:17 Stone Mining
26:47 Heavy Plow
28:40 Wheelbarrow
27:52 Town Watch
29:21 Stone Shaft Mining
29:17 Bow Saw
33:58 Imperial Age
32:29 Fortified Wall
32:38 Gold Mining
33:22 Szlachta Privileges
34:03 Forging
36:02 Iron Casting
35:03 Cavalier
37:05 Crop Rotation
36:30 Capped Ram
39:01 Chemistry
37:44 Treadmill Crane
38:12 Caravan
38:30 Onager
40:38 Conscription
41:31 Siege Engineers
40:57 Light Cavalry
42:00 Lechitic Legacy
43:34 Blast Furnace
45:11 Winged Hussar
Connection lost

Rejoining the realm…

Still unreachable

The connection could not be restored.

Session expired

The server has moved on; the page needs a fresh start.